 Dungeon Sprint DCSS version 0.19.1 (webtiles) character file.

1482 dvd the Blocker (level 8, -8/82 HPs)
             Began as a Minotaur Fighter on Dec 12, 2016.
             Was a Follower of Dithmenos.
             Mangled by a demonic crawler (12 damage)
             ... in the Dungeon (Sprint I: "Red Sonja").
             The game lasted 00:03:27 (1129 turns).

dvd the Blocker (Minotaur Fighter)                  Turns: 1129, Time: 00:03:27

Health: -8/82      AC:  9    Str: 30    XL:     8   Next: 50%
Magic:  7/7        EV: 14    Int:  5    God:    Dithmenos [*.....]
Gold:   164        SH: 14    Dex: 16    Spells: 0 memorised, 7 levels left

rFire  . . .     SeeInvis .     a - +0 war axe
rCold  . . .     Gourm    .     m - +3 leather armour of Honour {rN+ Str+4 Dex+4}
rNeg   + . .     Faith    .     c - +0 shield
rPois  .         Spirit   .     (helmet restricted)
rElec  .         Reflect  .     (no cloak)
rCorr  .         Harm     .     (no gloves)
MR     .....     NoTele   +     n - +0 pair of boots
Stlth  ++........               (no amulet)
                                (no ring)
                                (no ring)

@: mighty, wreathed by umbra
A: retaliatory headbutt, horns 2
a: Renounce Religion


You were in the Dungeon.
You worshipped Dithmenos.
Dithmenos was aware of your devotion.
You were not hungry.

You visited 1 branch You collected 405 gold pieces.
You spent 241 gold pieces at shops.

Inventory:

Hand Weapons
 a - a +0 war axe (weapon)
Armour
 b - a +0 scale mail
 c - a +0 shield (worn)
 m - the +3 leather armour of Honour (worn) {rN+ Str+4 Dex+4}
   (You bought it in a shop in the Dungeon)

   It affects your strength (+4).
   It affects your dexterity (+4).
   It protects you from negative energy.
 n - a +0 pair of boots (worn)
Scrolls
 k - a scroll of blinking
Potions
 d - a potion of might
 e - a potion of curing
 h - a potion of haste
 i - 2 potions of magic
Comestibles
 f - a bread ration


   Skills:
 + Level 11.4 Fighting
 + Level 11.3 Axes
 + Level 11.4 Armour
 + Level 4.7 Dodging
 + Level 0.8 Stealth
 + Level 11.5 Shields


You had 7 spell levels left.
You didn't know any spells.

Dungeon Overview and Level Annotations

Branches:
Dungeon (1/1)

Altars:
Cheibriados
Dithmenos
Elyvilon
Fedhas
Gozag
Hepliaklqana
Kikubaaqudgha
Makhleb
Nemelex Xobeh
Okawaru
Qazlal
Ru
Sif Muna
Trog
Uskayaw
Vehumet
Xom
Yredelemnul
Zin
The Shining One
Jiyva
Lugonu

Shops:
D [


Innate Abilities, Weirdness & Mutations

You reflexively headbutt those who attack you in melee.
You have a pair of horns on your head.


Message History

The demonic crawler is severely wounded.
You slash the demonic crawler! You block the demonic crawler's attack.
The demonic crawler hits you.
* * * LOW HITPOINT WARNING * * *
You block the demonic crawler's attack. The demonic crawler barely misses you.
You furiously retaliate!
You headbutt the demonic crawler. The demonic crawler hits you.
* * * LOW HITPOINT WARNING * * *
The demonic crawler hits you.
* * * LOW HITPOINT WARNING * * *
You slash the demonic crawler! You headbutt the demonic crawler.
You kill the demonic crawler!
Dithmenos accepts your kill.
Your Axes skill increases to level 11!
Your Dodging skill increases to level 4!
You hit the demonic crawler. You block the demonic crawler's attack.
The demonic crawler barely misses you. The demonic crawler closely misses you.
The demonic crawler misses you. You furiously retaliate!
You headbutt the demonic crawler! The demonic crawler hits you!
You die...

##################
.#..'..#__#..')..#
.)..#..'..'..#).@#
'#####'#__####..sss.#
.#...#.#### #####..+
##..##.# +## _##'#..+
..'..._# _##_.#+#
_###+# ##


You could see 3 demonic crawlers.

Vanquished Creatures
  2 kobold demonologists (D)
  A demonic crawler (D)
  A slime creature (D)
  Sigmund (D)
  A yak (D)
  A floating eye (D)
  An ogre (D)
  A jelly (D)
  Ijyb (D)
10 creatures vanquished.

Vanquished Creatures (others)
  A gargoyle (D)
1 creature vanquished.

Grand Total: 11 creatures vanquished

Notes
Turn   | Place    | Note
-------+----------+-------------------------------------------
     0 | D        | dvd the Minotaur Fighter began the quest for the Orb.
     0 | D        | Reached XP level 1. HP: 19/19 MP: 0/0
     1 | D        | Noticed Ijyb
    14 | D        | Killed Ijyb
    14 | D        | Reached skill level 5 in Fighting
    14 | D        | Reached skill level 5 in Armour
    14 | D        | Reached skill level 5 in Shields
    14 | D        | Reached XP level 2. HP: 26/29 MP: 1/1
    47 | D        | Noticed an ogre
    50 | D        | Killed an ogre
    50 | D        | Reached XP level 3. HP: 24/38 MP: 2/2
    50 | D        | Reached XP level 4. HP: 28/45 MP: 3/3
   168 | D        | Noticed Sigmund
   202 | D        | Killed Sigmund
   202 | D        | Reached skill level 1 in Dodging
   202 | D        | Reached XP level 5. HP: 11/56 MP: 4/4
   462 | D        | Found a deep blue altar of Sif Muna.
   464 | D        | Found a radiant altar of Vehumet.
   467 | D        | Reached XP level 6. HP: 60/62 MP: 5/5
   474 | D        | Found Honnuem's Antique Armour Emporium.
   474 | D        | Found an ancient bone altar of Kikubaaqudgha.
   474 | D        | Found a hazy altar of Hepliaklqana.
   474 | D        | Found a stormy altar of Qazlal.
   474 | D        | Found a hide-covered altar of Uskayaw.
   474 | D        | Found a blossoming altar of Fedhas.
   474 | D        | Found a bloodstained altar of Trog.
   474 | D        | Found an iron altar of Okawaru.
   474 | D        | Found a basalt altar of Yredelemnul.
   474 | D        | Found a glowing golden altar of the Shining One.
   474 | D        | Found a snail-covered altar of Cheibriados.
   474 | D        | Found a sacrificial altar of Ru.
   474 | D        | Found a glowing silver altar of Zin.
   474 | D        | Found a shadowy altar of Dithmenos.
   474 | D        | Found a white marble altar of Elyvilon.
   474 | D        | Noticed a yak
   478 | D        | Killed a yak
   479 | D        | Found an opulent altar of Gozag.
   482 | D        | Found a sparkling altar of Nemelex Xobeh.
   486 | D        | Bought a fine leather armour for 147 gold pieces
   496 | D        | Identified the +3 leather armour of Honour {rN+ Str+4 Dex+4} (You bought it in a shop in the Dungeon)
   656 | D        | Became a worshipper of Dithmenos the Shadowed
   685 | D        | Bought a pair of boots for 94 gold pieces
   702 | D        | Found a viscous altar of Jiyva.
   702 | D        | Found a corrupted altar of Lugonu.
   702 | D        | Noticed a slime creature
   703 | D        | Found a burning altar of Makhleb.
   703 | D        | Found a shimmering altar of Xom.
   710 | D        | Killed a slime creature
   710 | D        | Reached skill level 10 in Armour
   710 | D        | Reached skill level 10 in Shields
   710 | D        | Reached XP level 7. HP: 57/71 MP: 6/6
   789 | D        | Noticed a kobold demonologist
   790 | D        | Noticed a smoke demon
   790 | D        | Noticed a kobold demonologist
   791 | D        | Noticed a soul eater
   792 | D        | Reached skill level 10 in Fighting
   796 | D        | Noticed an ice devil
   797 | D        | Noticed a sun demon
   797 | D        | Killed a kobold demonologist
   797 | D        | Reached * piety under Dithmenos
   797 | D        | Reached skill level 10 in Axes
   805 | D        | Killed a kobold demonologist
   805 | D        | Reached XP level 8. HP: 10/82 MP: 7/7
   936 | D        | Killed a gargoyle
  1118 | D        | Noticed a demonic crawler
  1118 | D        | Noticed a demonic crawler
  1118 | D        | Noticed a demonic crawler
  1118 | D        | Noticed a demonic crawler
  1125 | D        | HP: 4/82 [demonic crawler (11)]
  1129 | D        | Killed a demonic crawler
  1129 | D        | Mangled by a demonic crawler

Skill      XL: |  1  2  3  4  5  6  7  8 |
---------------+-------------------------+-----
Fighting       | 5 6 8 9 11 | 11.4
Axes           | 3 4 6 8 10 11 | 11.3
Armour         | 5 6 8 10 11 | 11.4
Shields        | 5 7 8 9 10 11 | 11.5
Dodging        | 1 2 3 4 |  4.7
Stealth        | |  0.8

Action                   |  1- 3 |  4- 6 |  7- 9 || total
-------------------------+-------+-------+-------++-------
Melee: War axe           |    14 |    30 |    23 ||    67
       Headbutt          |     5 |     9 |    11 ||    25
  Use: Potion            |       |       |     3 ||     3
  Eat: Bread ration      |       |       |     1 ||     1
Armor: Scale mail        |     7 |    10 |       ||    17
       Leather armour    |       |       |    17 ||    17
Dodge: Dodged            |     1 |     3 |    36 ||    40
Block: Shield            |     8 |     7 |    26 ||    41
